 Dungeon Crawl Stone Soup version 0.29.1-1-gd02db6906a (webtiles) character file.

Game seed: 16843341552123735458

312 Powertoast the Ruffian (level 6, -2/53 HPs)
             Began as a Ghoul Monk on Sept 18, 2022.
             Was a Priest of Fedhas.
             Slain by Duvessa
             ... wielding a +1 rapier of freezing
              (7 damage)
             ... on level 4 of the Dungeon.
             The game lasted 00:09:04 (3761 turns).

Powertoast the Ruffian (Ghoul Monk)                 Turns: 3761, Time: 00:09:04

Health: -2/53      AC:  5    Str: 15    XL:     6   Next: 42%
Magic:  2/6        EV: 12    Int:  5    God:    Fedhas [***...]
Gold:   77         SH:  0    Dex: 13    Spells: 5/5 levels left

rFire   . . .      SeeInvis .   B - +8 club
rCold   + . .      Faith    .   (no shield)
rNeg    + + +      Spirit   .   k - +0 leather armour
rPois   ∞          Reflect  .   u - +0 helmet
rElec   .          Harm     .   o - +0 cloak
rCorr   .          Rampage  .   (no gloves)
Will    .....                   (no boots)
Stlth   ++........              (no amulet)
HPRegen 0.00/turn               (no ring)
MPRegen 0.10/turn               (no ring)

@: inhibited regen
A: claws 1, cold resistance 1, negative energy resistance 3, inhibited
regeneration, torment resistance 2, devour on kill
a: Renounce Religion, Wall of Briars, Grow Ballistomycete


You were on level 4 of the Dungeon.
You worshipped Fedhas.
Fedhas was most pleased with you.
You visited 1 branch of the dungeon, and saw 4 of its levels.

You collected 217 gold pieces.
You spent 140 gold pieces at shops.

Inventory:

Hand Weapons
 B - a +8 club (weapon)
Armour
 a - a +0 robe
 k - a +0 leather armour (worn)
 o - a +0 cloak (worn)
 u - a +0 helmet (worn)
Jewellery
 l - a ring of fire
 z - a +6 ring of strength
Wands
 G - a wand of charming (8)
Scrolls
 c - 3 scrolls of identify {unknown}
 h - 3 scrolls of enchant weapon {unknown}
 i - 2 scrolls of vulnerability {unknown}
 j - 3 scrolls of immolation {unknown}
 m - 3 scrolls of fog {unknown}
 q - 3 scrolls of poison {unknown}
 s - a scroll of silence {unknown}
 t - a scroll of teleportation {unknown}
 x - a scroll of blinking {unknown}
 y - 3 scrolls of brand weapon {unknown}
 A - a scroll of acquirement {unknown}
 C - a scroll of magic mapping {unknown}
 F - a scroll of noise {unknown}
Potions
 b - a potion of ambrosia
 d - a potion of haste {unknown}
 e - a potion of berserk rage {unknown}
 f - a potion of brilliance {unknown}
 g - a potion of experience {unknown}
 n - a potion of cancellation {unknown}
 p - 2 potions of magic {unknown}
 r - 2 potions of curing {unknown}
 v - a potion of lignification {unknown}
 w - a potion of degeneration {unknown}
 D - a potion of might
 E - a potion of resistance


   Skills:
 + Level 4.4 Fighting
 + Level 3.5 Dodging
 + Level 3.7 Stealth
 * Level 5.3 Unarmed Combat
 + Level 1.9 Invocations


You had 5 spell levels left.
You didn't know any spells.
Your spell library was empty.

Dungeon Overview and Level Annotations

Branches:
Dungeon (4/15)
 Temple: D:4-7

Altars:
Fedhas
Ru
Uskayaw

Shops:
D:4 !

Annotations:
D:4 Dowan, Duvessa


Innate Abilities, Weirdness & Mutations

You are immune to poison.
You have sharp fingernails.
Your flesh is cold resistant. (rC+)
You are immune to negative energy. (rN+++)
You do not regenerate when monsters are visible.
You are immune to unholy pain and torment.
You thrive by killing the living.


Message History

You barely miss Duvessa. You claw Duvessa.
Duvessa is lightly wounded.
Duvessa barely misses you.
Dowan points at Duvessa and mumbles some strange words.
Duvessa seems to speed up.
Duvessa hits you with a +1 rapier of freezing!
Duvessa freezes you.
Duvessa hits you with a +1 rapier of freezing.
Aiming: Grow Ballistomycete (50% risk of failure)
Press: ? - help, Dir - move target A ballistomycete grows from the ground.
Duvessa hits you with a +1 rapier of freezing.
Duvessa freezes you.
Dowan points at you and mumbles some strange words.
The puff of flame hits you!
Okay, then.
You hit Duvessa but do no damage.
Duvessa is lightly wounded.
Duvessa says, "Where magic fails, the sword succeeds!"
Duvessa closely misses you.
Duvessa hits you with a +1 rapier of freezing!
A ballistomycete spore comes into view.
You barely miss Duvessa.
Duvessa is lightly wounded.
Duvessa barely misses you.
Your ballistomycete spore explodes!
Fedhas protects your plant from harm.
Dowan appears confused.
The explosion of spores engulfs Dowan!
Dowan is severely wounded.
Duvessa says, "Practise, practise, practise!
One day you'll be as good as me."
Duvessa hits you with a +1 rapier of freezing!
* * * LOW HITPOINT WARNING * * *
Duvessa freezes you.
* * * LOW HITPOINT WARNING * * *
Dowan hits your ballistomycete with a +0 dagger.
You closely miss Duvessa.
Duvessa is lightly wounded.
Duvessa hits you with a +1 rapier of freezing!
You die...
Fedhas appreciates your contribution to the ecosystem.

#.<.......<.# ### #.#...
#...........# ..# #.#.##
#####...##### ####.# ##.#.##
#...# #..... ##....## #.<.#
#.##e# .##.....#. #...# #
##.##.# #.......... #####
#.##..P#.# ######.#.#.
#.....e..# #(#... ####.@e###
#.#### #.### ##+## #.#
##...## ####.#### ##.....##
#.......## ##.......#
..######........####.........
...................'.........
..######........####.........
#.......## ##.......#


You could see Duvessa (fast, ally target), Dowan (confused) and a friendly
ballistomycete (summoned).

Vanquished Creatures
  A scorpion (D:4)
  A jelly (D:4)
  A hound (D:4)
  Jessica (D:3)
  A scorpion zombie (D:2)
  4 adders
  A white imp (D:4)
  An adder zombie (D:2)
  3 dart slugs (D:1)
  2 orcs
  2 bat skeletons (D:2)
  A bat zombie (D:2)
  7 endoplasms
  2 giant cockroaches
  6 goblins
  8 hobgoblins
  6 jackals (D:1)
  7 kobolds
  3 quokkas
  8 ball pythons
  2 ball python zombies (D:2)
  A bat (D:3)
  2 frilled lizards
  A jackal skeleton (D:2)
  A jackal zombie (D:2)
  8 rats
81 creatures vanquished.

Vanquished Creatures (collateral kills)
  A ballistomycete spore (D:4)
1 creature vanquished.

Vanquished Creatures (others)
  A withered plant (D:2)
1 creature vanquished.

Grand Total: 83 creatures vanquished

Notes
Turn   | Place    | Note
-------+----------+-------------------------------------------
     0 | D:1      | Powertoast the Ghoul Monk began the quest for the Orb.
     0 | D:1      | Reached XP level 1. HP: 19/19 MP: 0/0
   207 | D:1      | Reached XP level 2. HP: 25/26 MP: 1/1
   383 | D:1      | You fall into a shaft and drop 1 floor!
   412 | D:2      | Reached XP level 3. HP: 29/31 MP: 2/2
   668 | D:1      | Reached skill level 4 in Unarmed Combat
  1061 | D:1      | Found a faded altar of an unknown god.
  1111 | D:1      | Prayed at the altar of an unknown god.
  1111 | D:1      | Became a worshipper of Fedhas Madash
  1111 | D:1      | Reached * piety under Fedhas
  1111 | D:1      | Reached ** piety under Fedhas
  1346 | D:2      | Reached XP level 4. HP: 40/40 MP: 3/3
  1409 | D:2      | Reached *** piety under Fedhas
  2283 | D:3      | Reached XP level 5. HP: 41/46 MP: 4/4
  2523 | D:3      | Found a hide-covered altar of Uskayaw.
  2700 | D:3      | Reached skill level 1 in Invocations
  2806 | D:3      | Noticed Jessica
  2808 | D:3      | Killed Jessica
  3047 | D:4      | Identified the +4 robe of Negligence {rPois Will- Slay+3
                  | Archmagi}
  3124 | D:4      | Found Timuhoex's Distillery.
  3131 | D:4      | Bought a potion of might for 40 gold pieces
  3131 | D:4      | Bought a potion of resistance for 100 gold pieces
  3324 | D:4      | Reached skill level 5 in Unarmed Combat
  3324 | D:4      | Reached XP level 6. HP: 49/52 MP: 6/6
  3492 | D:4      | Found a sacrificial altar of Ru.
  3751 | D:4      | Noticed Duvessa
  3753 | D:4      | Noticed Dowan
  3761 | D:4      | Slain by Duvessa

Illustrated notes

Levels and vault maps discovered:
D:1:      scummos_arrival_simple_fountains, layout_rooms,
          shapermc_ecumenical_altar_venn, dreamdust_wishing_well, chequers_jeans
D:2:      layout_basic, serial_undead, serial_undead_d, serial_undead_b,
          serial_undead_a, serial_undead_f, hex_large,
          minmay_goblin_kobold_house
D:3:      cheibrodos_helix_gallery, layout_loops_ring, nicolae_uskayaw_suspiria,
          corexii_hall_statues_deadend, uniq_jessica
D:4:      layout_loops_corners, mainiacjoe_overflow_chevrons, lemuel_tele_altar,
          serial_shops, shop, minmay_misc_feat_pillars,
          nicolae_elevator_lobby_plus, uniq_duvessa

Skill      XL: |  1  2  3  4  5 |
---------------+----------------+-----
Dodging        | 3 |  3.5
Unarmed Combat | 4 5 |  5.3
Stealth        | 3 |  3.7
Fighting       | 4 |  4.4
Invocations    | 1 |  1.9

Action                   |  1- 3 |  4- 6 || total
-------------------------+-------+-------++-------
Melee: Unarmed           |   145 |    95 ||   240
       Punch             |     2 |     7 ||     9
       Club              |       |    46 ||    46
Invok: Grow Ballistomyce |       |     1 ||     1
 Stab: Sleeping          |     2 |     4 ||     6
       Distracted        |       |     1 ||     1
Armor: Robe              |    10 |       ||    10
       Leather armour    |    40 |    43 ||    83
Dodge: Dodged            |   116 |    94 ||   210
